 Dungeon Crawl Stone Soup version 0.28.0-45-g0d030f2227 (webtiles) character file.

Game seed: 4344161116880864576

6081 rocky1 the Destroyer (level 10, -1/72 HPs)
             Began as a Green Draconian Conjurer on Apr 8, 2022.
             Was a Believer of Sif Muna.
             Slain by a slime creature (8 damage)
             ... on level 9 of the Dungeon.
             The game lasted 01:03:44 (16838 turns).

rocky1 the Destroyer (Green Draconian Conjurer)    Turns: 16838, Time: 01:03:44

Health: -1/72      AC:  9    Str:  9    XL:     10   Next: 58%
Magic:  0/17       EV: 12    Int: 27    God:    Sif Muna [**....]
Gold:   437        SH:  0    Dex: 17    Spells: 6/19 levels left

rFire   + . .      SeeInvis +   n - +0 trident (protect)
rCold   . . .      Faith    .   (no shield)
rNeg    . . .      Spirit   .   (armour unavailable)
rPois   +          Reflect  .   (helmet restricted)
rElec   .          Harm     .   r - +0 cloak {Will+}
rCorr   .          Rampage  .   v - +0 pair of gloves
Will    +....                   (no boots)
Stlth   ++........              h - amulet of Qytuha {rF+ Regen+ Int+4 Dex+7}
HPRegen 1.02/turn               D - ring of wizardry
MPRegen 0.15/turn               j - ring of see invisible

@: no status effects
A: breathe noxious fumes, AC +7, unfitting armour, poison resistance,
cold-blooded
a: Breathe Noxious Fumes, Renounce Religion, Channel Magic


You were on level 9 of the Dungeon.
You worshipped Sif Muna.
Sif Muna was pleased with you.
You visited 2 branches of the dungeon, and saw 10 of its levels.

You collected 437 gold pieces.

Inventory:

Hand Weapons
 n - a +0 trident of protection (weapon)
 C - a +2 broad axe of holy wrath
Missiles
 G - 6 poisoned darts
Armour
 r - a +0 cloak of willpower (worn)
 u - a +0 kite shield
 v - a +0 pair of gloves (worn)
Magical Staves
 i - a staff of earth
Jewellery
 h - the amulet of Qytuha (around neck) {rF+ Regen+ Int+4 Dex+7}
   (You found it on level 3 of the Dungeon)

   [amulet of regeneration]

   Int:       It affects your intelligence (+4).
   Dex:       It affects your dexterity (+7).
   rF:        It protects you from fire.
   Regen:     It increases your rate of health regeneration.
 j - a ring of see invisible (right hand)
 t - a ring of ice
 z - an amulet of the acrobat
 D - a ring of wizardry (left hand)
Wands
 l - a wand of mindburst (6)
 s - a wand of paralysis (9)
 A - a wand of iceblast (5)
 E - a wand of digging (3)
 F - a wand of charming (4)
Scrolls
 c - 4 scrolls of amnesia
 d - 2 scrolls of fear
 g - 3 scrolls of vulnerability
 k - 5 scrolls of teleportation
 y - a scroll of fog
Potions
 a - 3 potions of mutation
 b - a potion of lignification
 e - 3 potions of haste
 f - a potion of might
 m - a potion of flight {unknown}
 o - 2 potions of curing
 p - 2 potions of brilliance {unknown}
 q - a potion of degeneration {unknown}
 w - a potion of cancellation {unknown}
 x - a potion of heal wounds {unknown}
 B - a potion of berserk rage {unknown}


   Skills:
 - Level 1.4 Fighting
 - Level 1.8 Dodging
 - Level 1.8 Stealth
 - Level 5.2 Spellcasting
 - Level 12.0 Conjurations
 - Level 0.8 Translocations
 + Level 8.2 Fire Magic
 - Level 5.7 Invocations


You had 6 spell levels left.
You knew the following spells:

 Your Spells              Type           Power      Damage    Failure   Level
a - Magic Dart            Conj           100%       1d8       1%          1
b - Searing Ray           Conj           100%       2d8       1%          2
c - Scorch                Fire           100%       2d10      1%          2
d - Iskenderun's Mystic   Conj/Tloc      41%        2d9       1%          4
e - Flame Wave            Conj/Fire      58%        2d11      1%          4

Your spell library contained the following spells:

 Spells                   Type           Power      Damage    Failure   Level
 Dazzling Flash           Conj/Hex       78%        N/A       1%          3
 Summon Small Mammal      Summ           28%        N/A       2%          1
 Fulminant Prism          Conj/Hex       19%        3d11      2%          4
 Corpse Rot               Necr/Air       14%        N/A       4%          2
 Poisonous Vapours        Pois/Air       14%        N/A       4%          2
 Call Canine Familiar     Summ           7%         N/A       9%          3
 Summon Guardian Golem    Hex/Summ       7%         N/A       9%          3
 Conjure Ball Lightning   Conj/Air       19%        3x3d6     34%         6
 Summon Cactus Giant      Summ           3%         N/A       98%         6
 Borgnjor's Revivificati  Necr           3%         N/A       100%        8


Dungeon Overview and Level Annotations

Branches:
Dungeon (9/15)             Temple (1/1) D:5            Lair (0/6) D:9
    Orc: D:9-12

Altars:
Ashenzari
Cheibriados
Dithmenos
Elyvilon
Fedhas
Gozag
Hepliaklqana
Kikubaaqudgha
Makhleb
Nemelex Xobeh
Okawaru
Qazlal
Ru
Sif Muna
Trog
Uskayaw
Vehumet
Wu Jian
Xom
Yredelemnul
Zin
The Shining One

Annotations:
D:8 exclusion: ice statue


Innate Abilities, Weirdness & Mutations

You can breathe blasts of noxious fumes.
Your lurid green scales are hard. (AC +7)
You cannot fit into any form of body armour.
Your system is resistant to poisons. (rPois)
You are cold-blooded and may be slowed by cold attacks.


Message History

The flame wave engulfs the slime creature!
The slime creature is lightly wounded.
You finish channelling waves of flame.
The slime creature hits you! x2
Your Fire Magic skill increases to level 8!
Casting: Magic Dart (safe; 1% risk of failure)
Confirm with . or Enter, or press ? or * to list all spells.
Casting: Flame Wave (safe; 1% risk of failure)
Press: ? - help, Dir - look around, f - activate A wave of flame ripples out!
The flame wave engulfs the slime creature!
The slime creature is severely wounded.
The flame wave engulfs the slime creature!
The slime creature is heavily wounded.
The flame wave engulfs the slime creature.
The slime creature is moderately wounded. (Press . to intensify the flame waves.)
The slime creature closely misses you. The slime creature hits you!
The slime creature hits you but does no damage.
A wave of flame ripples out!
The flame wave engulfs the slime creature!
The slime creature is almost dead.
The flame wave engulfs the slime creature!
The slime creature is severely wounded.
The flame wave engulfs the slime creature!
The slime creature is moderately wounded.
The slime creature hits you!
* * * LOW HITPOINT WARNING * * *
The slime creature misses you.
The slime creature hits you but does no damage.
A wave of flame ripples out!
The flame wave engulfs the slime creature!
The slime creature is almost dead.
The flame wave engulfs the slime creature!
The slime creature is almost dead.
The flame wave engulfs the slime creature!!
The slime creature is severely wounded.
You finish channelling waves of flame.
The slime creature hits you!
* * * LOW HITPOINT WARNING * * *
The slime creature closely misses you. The slime creature hits you!
You die...

.##...###...####....##.##.....#
..............................#
.........(...............≈≈...#
..............J.........≈≈§...#
............J..)...[....._§..##
..##..##########.<.##...≈.≈§.#
'###..##..##..##...##+..§....#
...............JJJ.#.........#
.....(..........@..#.........#
(..............[[[.#.........#
..##......##.......##...##...#
############.(..(..##...##...#
#......................#...#
#.................>....#...#
#......................#...#
#.......##.......##....#...#
#.......##.......##....#...#


You could see 3 slime creatures.

Vanquished Creatures
  An ice devil (D:8)
  3 slime creatures
  A vampire (D:6)
  A wraith (D:6)
  A basilisk (D:9)
  4 wyverns (D:9)
  A steam dragon (D:6)
  Menkaure (D:6)
  Edmund (D:6)
  5 water moccasins
  2 ice beasts
  An orc warrior (D:9)
  3 sky beasts
  A necrophage (D:8)
  2 black bears (D:9)
  3 ogres
  2 wolves (D:8)
  2 centaurs
  A kobold brigand (D:9)
  A gnoll sergeant (D:9)
  2 bullfrogs (D:6)
  A wyvern zombie (D:5)
  2 scorpions (D:9)
  2 wyvern skeletons
  3 killer bees (D:9)
  A wight (D:6)
  2 howler monkeys
  A crimson imp (D:4)
  A bullfrog zombie (D:5)
  3 centaur zombies
  3 jellies
  3 bullfrog skeletons
  4 hounds
  4 orc priests
  A centaur skeleton (D:7)
  2 iguanas
  8 orc wizards
  A killer bee zombie (D:8)
  A hound zombie (D:5)
  A hound skeleton (D:4)
  A mummy (D:6)
  7 gnolls
  A howler monkey skeleton (D:6)
  A howler monkey zombie (D:7)
  4 adders
  A shadow imp (D:6)
  6 ufetubi (D:8)
  An adder skeleton (D:4)
  5 worms
  2 dart slugs
  22 orcs
  8 endoplasms
  A giant cockroach (D:3)
  4 hobgoblins
  3 jackals (D:3)
  A quokka (D:4)
  A ball python (D:3)
  4 bats
  2 frilled lizards
  7 goblins
  8 kobolds
  8 rats
181 creatures vanquished.

Vanquished Creatures (others)
  6 bushes (D:9)
  4 fungi (D:9)
  17 plants (D:9)
27 creatures vanquished.

Grand Total: 208 creatures vanquished

Notes
Turn   | Place    | Note
-------+----------+-------------------------------------------
     0 | D:1      | rocky1 the Draconian Conjurer began the quest for the Orb.
     0 | D:1      | Reached XP level 1. HP: 14/14 MP: 3/3
   188 | D:1      | Got the Volume of Sinister Magic and the Birds
   477 | D:1      | Reached XP level 2. HP: 15/20 MP: 3/5
  1400 | D:2      | Reached XP level 3. HP: 26/26 MP: 0/6
  1593 | D:2      | Noticed an ogre
  1650 | D:3      | Reached skill level 5 in Conjurations
  1917 | D:3      | Learned a level 2 spell: Searing Ray
  1923 | D:3      | Found a shimmering blue altar of Sif Muna.
  2062 | D:3      | Identified the amulet of Qytuha {rF+ Regen+ Int+4 Dex+7}
  2137 | D:3      | Noticed a sky beast
  2146 | D:3      | Killed a sky beast
  2147 | D:3      | Reached skill level 6 in Conjurations
  2147 | D:3      | Reached XP level 4. HP: 33/33 MP: 0/7
  2147 | D:3      | Reached XP level 5. HP: 38/38 MP: 0/8
  2348 | D:3      | Found an opulent altar of Gozag.
  2579 | D:3      | Learned a level 2 spell: Scorch
  2691 | D:2      | Killed an ogre
  2692 | D:2      | Reached skill level 7 in Conjurations
  3649 | D:3      | Became a worshipper of Sif Muna the Loreminder
  3916 | D:4      | Found a radiant altar of Vehumet.
  3916 | D:4      | Found a burning altar of Makhleb.
  3921 | D:4      | Reached XP level 6. HP: 45/45 MP: 4/9
  4397 | D:4      | Found a blossoming altar of Fedhas.
  4431 | D:4      | Reached skill level 1 in Fighting
  4431 | D:4      | Reached skill level 1 in Fire Magic
  4431 | D:4      | Reached skill level 1 in Invocations
  5581 | D:5      | Entered Level 5 of the Dungeon
  5938 | D:5      | Your scales start taking on a lurid green colour.
  5938 | D:5      | Reached XP level 7. HP: 52/52 MP: 5/10
  5938 | D:5      | Gained mutation: Your system is resistant to poisons.
                  | (rPois) [Green Draconian growth]
  6348 | D:5      | Found a staircase to the Ecumenical Temple.
  6363 | Temple   | Entered the Ecumenical Temple
  7335 | D:6      | Reached skill level 8 in Conjurations
  7422 | D:6      | Reached XP level 8. HP: 41/59 MP: 0/13
  8611 | D:6      | Noticed Edmund
  8620 | D:6      | Killed Edmund
  8979 | D:6      | Found a transporter.
  8987 | D:6      | Found a transporter.
  8995 | D:6      | Noticed Menkaure
  9007 | D:6      | Found a basalt altar of Yredelemnul.
  9020 | D:6      | Found an ancient bone altar of Kikubaaqudgha.
  9474 | D:7      | Reached skill level 5 in Invocations
  9813 | D:7      | Reached XP level 9. HP: 64/64 MP: 9/16
 10207 | D:7      | Found a shimmering altar of Xom.
 10207 | D:7      | Found a shimmering altar of Xom.
 10208 | D:7      | Found a shimmering altar of Xom.
 10208 | D:7      | Found a shimmering altar of Xom.
 10211 | D:7      | Found a shimmering altar of Xom.
 10212 | D:7      | Found a shimmering altar of Xom.
 10234 | D:7      | Reached skill level 5 in Spellcasting
 10234 | D:7      | Reached skill level 9 in Conjurations
 10234 | D:7      | Reached * piety under Sif Muna
 10356 | D:7      | Noticed a deep troll
 10459 | D:7      | Reached skill level 5 in Fire Magic
 10961 | D:7      | Noticed an ice dragon
 11167 | D:7      | Noticed a torpor snail
 11167 | D:7      | Noticed a salamander
 11221 | D:8      | Learned a level 4 spell: Iskenderun's Mystic Blast
 11391 | D:8      | Noticed an ice devil
 11391 | D:8      | Noticed an ice devil
 11391 | D:8      | Noticed an ice devil
 11405 | D:8      | Noticed an ice devil
 11413 | D:8      | Noticed an ice devil
 11435 | D:8      | Noticed an ice devil
 11552 | D:8      | Noticed an ice statue
 12359 | D:8      | Found an iron altar of Okawaru.
 13021 | D:8      | Learned a level 4 spell: Flame Wave
 13221 | D:8      | Killed an ice devil
 13222 | D:8      | Reached skill level 10 in Conjurations
 13853 | D:6      | Killed Menkaure
 14084 | D:7      | Noticed a mana viper
 14160 | D:9      | Reached skill level 11 in Conjurations
 14265 | D:9      | Found a stormy altar of Qazlal.
 14550 | D:9      | Reached XP level 10. HP: 55/72 MP: 8/17
 14645 | D:9      | Reached ** piety under Sif Muna
 14972 | D:9      | Reached skill level 12 in Conjurations
 15619 | D:8      | HP: 2/72 [slime creature (13)]
 15628 | D:8      | HP: 1/72 [slime creature (6)]
 16699 | D:9      | Found a staircase to the Lair.
 16838 | D:9      | Slain by a slime creature

Illustrated notes

Levels and vault maps discovered:
D:1:      evilmike_arrival_crescent, layout_rooms, minmay_misc_feat_tower
D:2:      layout_basic
D:3:      layout_basic, grunt_gozag_statues, amcnicky_altar_gilded
D:4:      layout_loops_corners, grunt_temple_overflow_lords_of_destruction,
          mainiacjoe_overflow_brackets
D:5:      layout_loops_ring, minmay_temple_entry_glassed_door,
          minmay_misc_feat_pillars
D:6:      layout_loops_ring, gammafunk_temple_of_torment, grunt_decor_cap,
          uniq_edmund
D:7:      layout_layer_cave, xom_shifter_show
D:8:      cheibrodos_frozen_isle, layout_basic, mainiacjoe_overflow_alcove_2
D:9:      layout_gridville, nicolae_qazlal_scattered_showers,
          minmay_lair_entry_grove
Temple:   minmay_temple_bridge_abc

Skill      XL: |  1  2  3  4  5  6  7  8  9 10 |
---------------+-------------------------------+-----
Conjurations   | 6 7 8 11 12 | 12.0
Fighting       | 1 |  1.4
Fire Magic     | 1 3 4 5 8 |  8.2
Invocations    | 1 3 5 |  5.7
Spellcasting   | 3 4 5 |  5.2
Dodging        | |  1.8
Stealth        | |  1.8
Translocations | |  0.8

Action                   |  1- 3 |  4- 6 |  7- 9 | 10-12 || total
-------------------------+-------+-------+-------+-------++-------
Melee: Whip              |    35 |       |       |       ||    35
       Unarmed           |     5 |       |       |       ||     5
       Tailslap          |     7 |     3 |     7 |     5 ||    22
       Trident           |       |    19 |    51 |    52 ||   122
       Dagger            |       |     5 |       |       ||     5
 Cast: Magic Dart        |    80 |    58 |    70 |     8 ||   216
       Searing Ray       |     1 |    11 |    13 |       ||    25
       Scorch            |       |     5 |   125 |    58 ||   188
       Flame Wave        |       |       |     6 |     7 ||    13
       Iskenderun's Myst |       |       |     1 |     1 ||     2
Invok: Channel Magic     |       |       |       |     1 ||     1
 Abil: Breathe Noxious F |       |       |     2 |     3 ||     5
Evoke: Wand              |       |       |     1 |       ||     1
  Use: Scroll            |       |     6 |     7 |     1 ||    14
       Potion            |       |       |       |     3 ||     3
Armor: Skin              |    21 |    17 |    51 |    85 ||   174
Dodge: Dodged            |    48 |    38 |    87 |    82 ||   255
